 Dungeon Crawl Stone Soup version 0.26-a0-1021-gda264ca44c (webtiles) character file.

Game seed: 14965288803637424585

123 lunkers the Grave Robber (level 4, 0/24 HPs)
             Began as a Deep Elf Necromancer on Dec 8, 2020.
             Slain by a shadow imp (1 damage)
             ... summoned by Natasha
             ... on level 2 of the Dungeon.
             The game lasted 00:01:49 (2506 turns).

lunkers the Grave Robber (Deep Elf Necromancer)     Turns: 2506, Time: 00:01:49

Health: 0/24       AC:  3    Str:  5    XL:     4   Next: 80%
Magic:  3/12       EV: 17    Int: 21    God:
Gold:   55         SH:  5    Dex: 15    Spells: 11/12 levels left

rFire    . . .     SeeInvis .   (no weapon)
rCold    . . .     Faith    .   (no shield)
rNeg     . . .     Spirit   .   a - +0 robe
rPois    .         Reflect  +   b - +0 helmet
rElec    .         Harm     .   (no cloak)
rCorr    .         Rampage  .   (no gloves)
Will     .....                  (no boots)
Stlth    ++........             f - amulet of reflection
HPRegen  0.08/turn              l - +4 ring of evasion (curse)
MPRegen  0.13/turn              (no ring)

@: no status effects
A: no striking features
a: no special abilities


You were on level 2 of the Dungeon.
You visited 1 branch of the dungeon, and saw 2 of its levels.

You collected 55 gold pieces.

Inventory:

Armour
 a - a +0 robe (worn)
 b - a +0 helmet (worn)
 j - a +0 kite shield
Jewellery
 f - an amulet of reflection (around neck)
 l - a cursed +4 ring of evasion (left hand)
Scrolls
 c - a scroll of enchant weapon {unknown}
 d - a scroll of blinking {unknown}
 e - a scroll of teleportation {unknown}
 g - 2 scrolls of identify {unknown}
 k - a scroll of random uselessness {unknown}
 o - a scroll of immolation {unknown}
Potions
 h - a potion of haste {unknown}
 i - 3 potions of curing {unknown}
 m - a potion of brilliance {unknown}
 n - a potion of lignification {unknown}


   Skills:
 - Level 2.4 Dodging
 - Level 2.4 Stealth
 + Level 4.6 Spellcasting
 * Level 6.7 Necromancy


You had 11 spell levels left.
You knew the following spells:

 Your Spells              Type           Power        Failure   Level
a - Pain                  Necr           ####         1%          1

Your spell library contained the following spells:

 Spells                   Type           Power        Failure   Level
 Animate Skeleton         Necr           ####..       1%          1
 Vampiric Draining        Necr           ####......   2%          3
 Animate Dead             Necr           ####......   7%          4
 Agony                    Necr           ####....     21%         5


Dungeon Overview and Level Annotations

Branches:
Dungeon (2/15)

Altars:

Annotations:
D:2 1 runed translucent door, Crazy Yiuf, Natasha


Message History

The shadow imp closely misses you.
Unknown command.
Casting: Pain (safe; 1% risk of failure)
Confirm with . or Enter, or press ? or * to list all spells.
Aiming: Pain (safe; 1% risk of failure)
Press: ? - help, Shift-Dir - straight line, f/p - Natasha
Aim: Natasha (almost dead, chance to resist: 16%) Natasha barely resists.
Natasha claws you.
* * * LOW HITPOINT WARNING * * *
The crimson imp barely misses you. The shadow imp gestures at you.
You barely resist.
Casting: Pain (safe; 1% risk of failure)
Confirm with . or Enter, or press ? or * to list all spells.
Aiming: Pain (safe; 1% risk of failure)
Press: ? - help, Shift-Dir - straight line, f/p - Natasha
Aim: Natasha (almost dead, chance to resist: 16%) Natasha barely resists.
Natasha completely misses you. The crimson imp closely misses you.
The shadow imp hits you.
You die...

#...##.##
##.#..#...#.#####...##
##.##.##
##.....#............##
##^###.##
#.#.##...#####.......#
...# ##.###.#...#####
#......... ####
##.#.#.###.### ##.......#
##....# #...# ##.....##
#....###...#######.......
#......5h........<##.####
##......@5.######<##.##
##........#.# #.#...#
######.###....##.#
#.>...# ###...†..#
#...###.# ###...#
....####.###.### #.#
##### ##### ##...## #.#
##.## #.# #.#######.#
#.........#


You could see Natasha, a crimson imp (summoned) and a shadow imp (summoned).

Vanquished Creatures
  Natasha (twice) (D:2)
  2 gnolls (D:1)
  2 adders (D:2)
  An ooze (D:2)
  2 dart slugs
  A leopard gecko (D:2)
  2 giant cockroaches
  5 goblins
  2 hobgoblins (D:1)
  2 jackals (D:1)
  2 bats
  A frilled lizard (D:2)
  A kobold (D:2)
  7 rats
32 creatures vanquished.

Notes
Turn   | Place    | Note
-------+----------+-------------------------------------------
     0 | D:1      | lunkers the Deep Elf Necromancer began the quest for the
                  | Orb.
     0 | D:1      | Reached XP level 1. HP: 10/10 MP: 6/6
   218 | D:1      | Reached skill level 5 in Necromancy
   218 | D:1      | Reached XP level 2. HP: 11/15 MP: 4/8
  1018 | D:1      | Reached XP level 3. HP: 15/19 MP: 6/10
  1573 | D:2      | Reached skill level 6 in Necromancy
  1925 | D:2      | Noticed Natasha
  1933 | D:2      | Killed Natasha
  1934 | D:2      | Reached XP level 4. HP: 4/24 MP: 6/12
  2225 | D:2      | Noticed Natasha
  2229 | D:2      | Killed Natasha
  2448 | D:2      | Found a runed translucent door.
  2449 | D:2      | Noticed Crazy Yiuf
  2494 | D:2      | Noticed Natasha
  2505 | D:2      | HP: 1/24 [Natasha (5)]
  2506 | D:2      | Slain by a shadow imp

Illustrated notes

Levels and vault maps discovered:
D:1:      lemuel_arrival_hallway, layout_loops_corners, chequers_garden,
          minmay_misc_feat_diagonals
D:2:      layout_loops_ring, minmay_surrounded, uniq_crazy_yiuf_cottage,
          uniq_natasha

Skill      XL: |  1  2  3 |
---------------+----------+-----
Necromancy     | 5 6 |  6.7
Spellcasting   | 4 |  4.6
Dodging        | |  2.4
Stealth        | |  2.4

Action                   |  1- 3 |  4- 6 || total
-------------------------+-------+-------++-------
 Cast: Pain              |    54 |    18 ||    72
Armor: Robe              |       |     1 ||     1
Dodge: Dodged            |     3 |     5 ||     8

Table legend: (Time is in decaauts)
 A = Elapsed time spent in this place.
 B = Non-inter-level travel time spent in this place.
 C = Inter-level travel time spent in this place.
 D = Time resting spent in this place.
 E = Time spent auto-exploring this place.
 F = Levels seen in this place.
 G = Mean time per level.
                   A        B        C        D        E       F      G
               +--------+--------+--------+--------+--------+-----+--------+
         Total |   2510 |   2453 |     57 |     63 |   2218 |   2 | 1255.0 |
       Dungeon |   2510 |   2453 |     57 |     63 |   2218 |   2 | 1255.0 |
               +--------+--------+--------+--------+--------+-----+--------+

Top non-repeatable levels by time:
     D:1: 1513 daAuts
     D:2: 997 daAuts
